Map: Abyssal Reef LE

Players

ZhuGeLiang - Winner!

  • Race: Zerg Zerg
  • Spawn Location: 11:00

JonSnow

  • Race: Zerg Zerg
  • Spawn Location: 5:00

Event: WCS Montreal 2017

VOD

Have the link to the VOD?

Description

Time

  • Played on: Sept. 8, 2017, 12:10 p.m.
  • Length: 9:24

All games in this series

Show
View Real Time Build Order
Export as new Build Order

ZhuGeLiang Zerg - Winner!

Build Orders: Hatch First 

Get SALT Encoding   

  12  0:00  Drone  
  13  0:12  Overlord  
  13  0:17  Drone  
  14  0:31  Drone x2  
  14  0:34  Drone  
  17  0:53  Hatchery  
  17  0:55  Drone  
  17  1:08  Spawning Pool  
  16  1:11  Drone  
  16  1:15  Drone  
  16  1:17  Extractor  
  17  1:20  Drone  
  18  1:29  Drone  
  19  1:40  Overlord  
  19  1:50  Drone  
  20  1:55  Queen  
  20  2:01  Zergling x2  
  23  2:04  Queen  
  23  2:05  Drone  
  26  2:11  Drone  
  28  2:15  Drone  
  28  2:20  Spine Crawler, Metabolic Boost  
  28  2:22  Zergling x2  
  28  2:32  Drone  
  29  2:37  Drone  
  29  2:38  Drone  
  31  2:45  Roach Warren  
  31  2:46  Drone  
  31  2:50  Queen  
  33  2:54  Overlord  
  33  2:58  Drone  
  33  3:03  Drone x2  
  36  3:13  Overlord  
  36  3:24  Roach  
  36  3:25  Roach x3  
  44  3:36  Hatchery  
  44  3:40  Drone  
  44  3:45  Roach x2  
  48  3:49  Drone x2  
  48  3:53  Overlord  
  50  3:57  Overlord  
  50  4:00  Roach  
  52  4:13  Roach x3  
  52  4:14  Roach  
  60  4:18  Zergling x4  
  62  4:25  Zergling x6  
  62  4:26  Zergling x2  
  64  4:34  Zergling x8  
  68  4:48  Evolution Chamber  
  67  4:54  Drone x4  
  67  4:56  Drone  
  67  5:10  Drone  
  67  5:11  Roach x3, Drone x5  
  67  5:17  Extractor  
  67  5:21  Zergling x6  
  62  5:27  Roach  
  62  5:28  Queen  
  66  5:33  Zerg Missile Weapons Level 1  
  68  5:35  Drone  
  68  5:36  Drone x2  
  71  5:47  Roach  
  71  5:48  Overlord x2  
  73  5:52  Overlord  
  73  5:57  Overlord  
  73  5:58  Drone x2  
  73  5:59  Lair  
  73  6:00  Overlord  
  73  6:01  Drone  
  74  6:07  Drone  
  74  6:08  Drone x5  
  79  6:12  Extractor  
  79  6:14  Drone x4  
  82  6:19  Extractor  
  82  6:21  Roach x2  
  82  6:22  Roach  
  85  6:27  Drone x4  
  85  6:28  Drone  
  90  6:33  Extractor  
  90  6:37  Drone  
  90  6:38  Drone x2  
  92  6:45  Roach x4  
  92  6:46  Roach  
  102  6:48  Overlord  
  102  6:52  Ravager  
  102  6:53  Roach x3  
  109  6:59  Overlord  
  109  7:01  Glial Reconstitution  
  109  7:03  Overlord  
  109  7:04  Overlord x2  
  109  7:14  Roach x5  
  119  7:19  Roach  
  119  7:20  Roach x3  
  127  7:24  Spine Crawler  
  127  7:26  Roach  
  127  7:29  Roach x2  
  131  7:38  Roach x5  
  131  7:42  Roach x2  
  145  7:49  Roach x4  
  145  7:51  Roach  
  147  7:54  Roach  
  147  7:55  Roach  
  147  7:58  Roach x2  
  135  8:01  Roach x2  
  135  8:04  Roach  
  129  8:06  Queen  
  129  8:12  Ravager  
  130  8:13  Roach x3  
  130  8:18  Roach x2  
  140  8:20  Roach x2  
  133  8:29  Roach x3  
  133  8:31  Ravager  
  140  8:35  Roach x2  
  140  8:39  Roach  
  146  8:49  Roach x3  
  146  8:51  Roach  
  154  8:59  Hatchery  
  154  9:00  Overlord  
Show
View Real Time Build Order
Export as new Build Order

JonSnow Zerg 

Build Orders: Pool First 

Get SALT Encoding   

  12  0:00  Drone  
  13  0:13  Overlord  
  13  0:18  Drone  
  14  0:31  Drone x2  
  16  0:42  Spawning Pool  
  15  0:45  Drone  
  16  0:50  Drone  
  16  0:56  Drone  
  18  1:15  Hatchery  
  17  1:29  Zergling x6  
  17  1:32  Queen  
  20  1:38  Extractor  
  21  1:44  Overlord  
  21  1:52  Drone  
  22  2:03  Drone  
  22  2:08  Queen  
  23  2:12  Spine Crawler  
  24  2:15  Drone  
  27  2:22  Drone  
  27  2:36  Drone x2  
  29  2:40  Drone  
  29  2:41  Drone x3  
  29  2:42  Metabolic Boost  
  32  2:46  Drone  
  32  2:49  Drone  
  34  2:59  Overlord  
  34  3:04  Queen, Baneling Nest  
  35  3:23  Drone x8  
  43  3:42  Overlord x2, Hatchery  
  43  3:47  Baneling  
  43  3:48  Baneling x3  
  42  3:49  Zergling x2  
  42  3:51  Zergling x2  
  44  3:56  Extractor  
  44  4:00  Zergling x4, Roach Warren  
  44  4:04  Drone x2  
  44  4:09  Drone x3  
  49  4:15  Drone x3  
  52  4:18  Overlord  
  52  4:27  Overlord  
  51  4:40  Roach x3  
  51  4:44  Roach  
  59  4:46  Roach x3  
  59  4:49  Roach  
  67  4:54  Roach x3  
  67  4:56  Overlord  
  73  5:05  Roach x3  
  73  5:13  Roach  
  61  5:19  Queen  
  62  5:22  Drone x3  
  62  5:24  Drone  
  62  5:25  Drone  
  67  5:28  Drone  
  67  5:31  Drone x2  
  67  5:33  Drone  
  71  5:38  Extractor  
  71  5:39  Zergling x2  
  71  5:41  Queen  
  73  5:47  Queen  
  75  5:51  Drone x2  
  75  5:52  Drone  
  75  5:53  Drone  
  75  5:55  Drone  
  80  5:58  Overlord  
  80  6:06  Drone  
  80  6:08  Roach  
  82  6:15  Overlord x2  
  82  6:18  Roach x2  
  85  6:21  Roach  
  87  6:26  Roach  
  87  6:31  Overlord x3  
  89  6:35  Roach x2  
  89  6:36  Roach  
  95  6:42  Roach  
  97  6:49  Roach x2  
  97  6:50  Roach  
  97  6:51  Roach x2  
  107  6:54  Roach, Zergling x2  
  107  6:57  Zergling x6  
  107  7:00  Zergling x2  
  114  7:04  Zergling x2  
  114  7:05  Zergling x6  
  118  7:08  Zergling x2  
  121  7:15  Roach  
  121  7:18  Roach  
  121  7:19  Overlord  
  123  7:24  Zergling x4  
  123  7:25  Zergling x2  
  123  7:26  Baneling x3  
  123  7:27  Baneling x3  
  123  7:28  Zergling x2  
  123  7:29  Zergling x4  
  129  7:33  Baneling x2  
  129  7:38  Baneling x2  
  129  7:40  Zergling x14  
  123  7:51  Zergling x8  
  123  7:56  Roach  
  106  8:04  Roach x3  
  94  8:06  Roach x3  
  94  8:11  Roach x4, Zergling x2  
  94  8:12  Zergling x2  
  105  8:23  Roach x3  
  97  8:27  Roach  
  97  8:30  Evolution Chamber  
  97  8:31  Roach x2  
  98  8:38  Roach  
  96  8:43  Roach x2  
  96  8:47  Roach x2  
  96  8:48  Roach, Zergling x2  
  104  8:50  Zergling x4  
  104  8:52  Zergling x2  
  108  8:58  Roach x2  
  108  9:01  Roach, Zergling x2  
Tags
 
Add a new tag
Caveats
  • Supply blocks, unpowered buildings, or Contaminate may cause inaccurate times.
  • Supply counts are checked every 10 seconds.